 Dungeon Crawl Stone Soup version 0.27.1 (webtiles) character file.

Game seed: 7736880392555269857

4953 DearestLeader the Reanimator (level 10, 0/74 HPs)
             Began as a Gnoll Necromancer on Aug 31, 2021.
             Slain by a yak (12 damage)
             ... on level 8 of the Dungeon.
             The game lasted 00:22:42 (11396 turns).

DearestLeader the Reanimator (Gnoll Necromancer)   Turns: 11396, Time: 00:22:43

Health: 0/74       AC:  8    Str: 15    XL:     10   Next: 53%
Magic:  21/21      EV: 13    Int: 19    God:
Gold:   485        SH:  6    Dex: 21    Spells: 12/23 levels left

rFire    + . .     SeeInvis .   h - +6 trident of Zome {vorpal, Int+2 Dex+7}
rCold    + . .     Faith    .   c - +0 buckler
rNeg     . . .     Spirit   .   m - +0 scale mail
rPois    .         Reflect  .   (no helmet)
rElec    .         Harm     .   k - +0 cloak
rCorr    .         Rampage  .   (no gloves)
Will     .....                  (no boots)
Stlth    ++........             (no amulet)
HPRegen  0.22/turn              D - ring of protection from cold
MPRegen  0.17/turn              E - ring of Buorawniagg {rF+ Str+6 Int+2 Slay+3}

@: hasted, very quick
A: fangs 1, strong nose, distributed training
a: no special abilities


You were on level 8 of the Dungeon.
You visited 2 branches of the dungeon, and saw 10 of its levels.
You also visited: Sewer.

You collected 485 gold pieces.

Inventory:

Hand Weapons
 h - the +6 trident of Zome (weapon) {vorpal, Int+2 Dex+7}
   (You found it on level 6 of the Dungeon)

   It inflicts extra damage upon your enemies.
   Int:       It affects your intelligence (+2).
   Dex:       It affects your dexterity (+7).
 O - the +9 lance "Wyrmbane" {slay drac, rPois rF+ rC+ AC+3}
   (You took it off Maggie on level 6 of the Dungeon)

   It inflicts extra damage against dragons and draconians.
   AC:        It affects your AC (+3).
   rF:        It protects you from fire.
   rC:        It protects you from cold.
   rPois:     It protects you from poison.
 P - the +4 falchion of Elubori {holy, rC+ rN+ Str-4}
   (You took it off an orc on level 6 of the Dungeon)

   It has been blessed by the Shining One to cause great damage to the undead
   and demons.
   Str:       It affects your strength (-4).
   rC:        It protects you from cold.
   rN:        It protects you from negative energy.
Missiles
 e - 11 javelins
 f - 199 stones
 i - 73 sling bullets
 o - 3 silver javelins (quivered)
 v - 2 atropa-tipped darts
 Q - a throwing net
Armour
 c - a +0 buckler (worn)
 j - a +0 ring mail
 k - a +0 cloak (worn)
 m - a +0 scale mail (worn)
Magical Staves
 b - a staff of cold
Jewellery
 q - a ring of magical power
 x - a ring of see invisible
 D - a ring of protection from cold (left hand)
 E - the ring of Buorawniagg (right hand) {rF+ Str+6 Int+2 Slay+3}
   (You found it on level 5 of the Dungeon)

   [ring of strength]

   Str:       It affects your strength (+6).
   Int:       It affects your intelligence (+2).
   Slay:      It affects your accuracy & damage with ranged weapons and melee
   (+3).
   rF:        It protects you from fire.
 G - a ring of protection from cold
 H - a ring of fire
Wands
 a - a wand of polymorph (7)
 s - a wand of paralysis (5)
 M - a wand of acid (9)
Scrolls
 g - 6 scrolls of teleportation
 p - 2 scrolls of fog
 r - 4 scrolls of noise
 t - a scroll of enchant armour {unknown}
 y - 3 scrolls of silence {unknown}
 z - a scroll of magic mapping {unknown}
 B - a scroll of holy word
 C - a scroll of summoning {unknown}
 F - 6 scrolls of identify
 I - a scroll of amnesia {unknown}
 N - a scroll of acquirement {unknown}
Potions
 d - 2 potions of haste
 l - a potion of brilliance {unknown}
 n - a potion of ambrosia
 u - a potion of attraction
 w - a potion of flight {unknown}
 A - a potion of might {unknown}
 J - a potion of degeneration {unknown}
 K - a potion of mutation {unknown}
 L - a potion of curing {unknown}


   Skills:
 + Level 5.3 Fighting
 + Level 5.3 Short Blades
 + Level 5.3 Long Blades
 + Level 5.3 Axes
 + Level 5.3 Maces & Flails
 + Level 5.3 Polearms
 + Level 5.3 Staves
 + Level 5.3 Slings
 + Level 5.3 Bows
 + Level 5.3 Crossbows
 + Level 5.3 Throwing
 + Level 5.3 Armour
 + Level 7.1 Dodging
 + Level 6.9 Stealth
 + Level 5.3 Shields
 + Level 5.3 Unarmed Combat
 + Level 7.4 Spellcasting
 + Level 4.4 Conjurations
 + Level 4.4 Hexes
 + Level 4.4 Summonings
 + Level 8.5 Necromancy
 + Level 4.4 Translocations
 + Level 4.4 Transmutations
 + Level 4.4 Fire Magic
 + Level 4.4 Ice Magic
 + Level 4.4 Air Magic
 + Level 4.4 Earth Magic
 + Level 4.4 Poison Magic
 + Level 5.9 Invocations
 + Level 5.3 Evocations


You had 12 spell levels left.
You knew the following spells:

 Your Spells              Type           Power      Damage    Failure   Level
a - Pain                  Necr           100%       1d9       1%          1
b - Vampiric Draining     Necr           19%        2d8       3%          3
c - Animate Skeleton      Necr           78%        N/A       1%          1
d - Swiftness             Air            23%        N/A       17%         3
e - Mephitic Cloud        Conj/Pois/Air  23%        N/A       17%         3

Your spell library contained the following spells:

 Spells                   Type           Power      Damage    Failure   Level
 Magic Dart               Conj           92%        1d7       5%          1
 Sandblast                Erth           46%        2d11      5%          1
 Call Imp                 Summ           23%        N/A       9%          2
 Passwall                 Tmut/Erth      19%        N/A       9%          2
 Animate Dead             Necr           19%        N/A       11%         4
 Conjure Flame            Conj/Fire      23%        6-21      17%         3
 Ignite Poison            Fire/Tmut/Pois 23%        N/A       17%         3
 Agony                    Necr           39%        N/A       28%         5
 Sticky Flame             Conj/Fire      23%        2d4       50%         4
 Fireball                 Conj/Fire      11%        3d7       83%         5
 Lee's Rapid Deconstruct  Erth           11%        3d9*      83%         5
 Invisibility             Hex            11%        N/A       100%        6
 Starburst                Conj/Fire      11%        6d5       100%        6
 Ignition                 Fire           11%        3d5       100%        8


Dungeon Overview and Level Annotations

Branches:
Dungeon (9/15)             Temple (1/1) D:7           Sewer (visited)
   Lair: D:8-11         Orc: D:9-12

Altars:
Ashenzari
Dithmenos
Elyvilon
Fedhas
Hepliaklqana
Kikubaaqudgha
Makhleb
Nemelex Xobeh
Qazlal
Ru
Sif Muna
Trog
Vehumet
Xom
Yredelemnul
Zin
The Shining One

Shops:
D:1 [

Annotations:
D:8 Gastronok


Innate Abilities, Weirdness & Mutations

You have very sharp teeth.
Your uncanny sense of smell can sniff out nearby items.
Your experience applies equally to all skills.


Message History

Gastronok waves his eye-stalks in wide circles.
The air twists around and strikes you!!!
Ouch! That really hurt!
Gastronok is nearby!
There is a stone staircase leading up here.
You see here a +0 trident.
There is a stone staircase leading down here.
You climb downwards.
The two-headed ogre shouts in stereo!
Found a falchion and 12 gold pieces.
There is a stone staircase leading up here.
You climb upwards.
Level annotation: Gastronok
There is a stone staircase leading down here.
There is a stone staircase leading down here.
You climb downwards.
The yak bellows! x2
The yak barely misses you.
The yak bellows!
The yak gores you.
There is a stone staircase leading up, spattered with blood here.
The yak gores you. The yak closely misses you.
You climb upwards.
Level annotation: Gastronok
There is a stone staircase leading down here.
You puncture the yak! You bite the yak, but do no damage.
The yak is heavily wounded.
The yak gores you but does no damage. x2; The yak gores you!
You hit the yak. Your bite misses the yak.
The yak is heavily wounded.
The yak gores you! The yak gores you but does no damage. The yak gores you!
* * * LOW HITPOINT WARNING * * *
You puncture the yak!
The yak is severely wounded.
The yak completely misses you. The yak gores you!
* * * LOW HITPOINT WARNING * * *
The yak barely misses you.
Unknown command.
You feel yourself speed up. The yak barely misses you. The yak gores you!
You die...

###..#......##.## ###..#
#...##...####...# ###..#
######.##..##
##.#####..... #.##
#....## #......###..
##.####...# ##..#### ##.
##.###..## ##.## #..
#......### #..# #.#
###.###.Y## ###.## ##.#
#># ##Y@###....## #.#.
### ###Y...###.#####.##
#..### ##..#...# #.##
##.....## ### #.#
#..##..# #.## #.#
#.####.. ##.#######.##
##.# #... ##..##.....##
###..###...
##....###[.###..........


You could see 3 yaks.

Vanquished Creatures
  A cyclops (D:7)
  Maggie (D:6)
  Grinder (D:6)
  Sigmund (D:2)
  5 yaks (D:8)
  Eustachio (D:5)
  A steam dragon (D:6)
  Menkaure (D:6)
  2 water moccasins
  An ice beast (D:6)
  2 orc warriors
  2 black bears
  2 centaurs
  2 necrophages
  2 ogres
  Blork the orc (D:5)
  A gnoll sergeant (D:5)
  5 bullfrogs
  4 scorpions
  2 howler monkeys
  A bullfrog zombie (D:5)
  A centaur zombie (D:6)
  3 hounds
  2 jellies
  A centaur skeleton (D:7)
  3 orc priests
  Crazy Yiuf (D:3)
  A bullfrog skeleton (D:6)
  Jessica (D:2)
  4 iguanas
  5 orc wizards
  A killer bee zombie (D:5)
  A mummy (D:6)
  A howler monkey zombie (D:6)
  5 adders
  4 gnolls (D:5)
  A shadow imp (D:6)
  A white imp (D:6)
  An ufetubus (D:5)
  An adder skeleton (D:4)
  A worm (D:2)
  6 dart slugs
  24 orcs
  8 bats
  9 endoplasms
  5 giant cockroaches
  5 goblins
  7 hobgoblins
  7 jackals (D:4)
  11 kobolds
  7 quokkas
  11 ball pythons
  A frilled lizard (D:3)
  3 kobold zombies (D:6)
  An orc zombie (D:6)
  8 rats
191 creatures vanquished.

Vanquished Creatures (collateral kills)
  A yak (D:8)
  A jackal (D:4)
2 creatures vanquished.

Grand Total: 193 creatures vanquished

Notes
Turn   | Place    | Note
-------+----------+-------------------------------------------
     0 | D:1      | DearestLeader the Gnoll Necromancer began the quest for the
                  | Orb.
     0 | D:1      | Reached XP level 1. HP: 13/13 MP: 6/6
   410 | D:1      | Reached XP level 2. HP: 18/19 MP: 5/7
   458 | D:1      | Found Pusof's Antique Armour Shoppe.
   897 | D:1      | Found a faded altar of an unknown god.
  1295 | D:1      | Reached XP level 3. HP: 25/25 MP: 9/9
  1359 | D:1      | Reached skill level 5 in Spellcasting
  1456 | D:1      | Learned a level 3 spell: Vampiric Draining
  1458 | D:1      | Learned a level 1 spell: Animate Skeleton
  1865 | D:2      | Reached skill level 1 in Invocations
  2399 | D:2      | Reached skill level 1 in Fighting
  2399 | D:2      | Reached skill level 1 in Short Blades
  2399 | D:2      | Reached skill level 1 in Long Blades
  2399 | D:2      | Reached skill level 1 in Axes
  2399 | D:2      | Reached skill level 1 in Maces & Flails
  2399 | D:2      | Reached skill level 1 in Polearms
  2399 | D:2      | Reached skill level 1 in Staves
  2399 | D:2      | Reached skill level 1 in Slings
  2399 | D:2      | Reached skill level 1 in Bows
  2399 | D:2      | Reached skill level 1 in Crossbows
  2399 | D:2      | Reached skill level 1 in Throwing
  2399 | D:2      | Reached skill level 1 in Armour
  2399 | D:2      | Reached skill level 1 in Shields
  2399 | D:2      | Reached skill level 1 in Unarmed Combat
  2399 | D:2      | Reached skill level 1 in Evocations
  2564 | D:2      | Reached XP level 4. HP: 20/32 MP: 11/11
  2726 | D:2      | Noticed Jessica
  2736 | D:2      | Killed Jessica
  2737 | D:2      | Reached skill level 1 in Conjurations
  2737 | D:2      | Reached skill level 1 in Hexes
  2737 | D:2      | Reached skill level 1 in Summonings
  2737 | D:2      | Reached skill level 1 in Translocations
  2737 | D:2      | Reached skill level 1 in Transmutations
  2737 | D:2      | Reached skill level 1 in Fire Magic
  2737 | D:2      | Reached skill level 1 in Ice Magic
  2737 | D:2      | Reached skill level 1 in Air Magic
  2737 | D:2      | Reached skill level 1 in Earth Magic
  2737 | D:2      | Reached skill level 1 in Poison Magic
  3009 | D:2      | Noticed Sigmund
  3099 | D:3      | Found a sacrificial altar of Ru.
  3160 | D:3      | Found a glowing golden altar of the Shining One.
  3287 | D:3      | Reached XP level 5. HP: 13/37 MP: 8/12
  3471 | D:3      | Found a runed translucent door.
  3472 | D:3      | Noticed Crazy Yiuf
  3480 | D:3      | Killed Crazy Yiuf
  3641 | D:3      | Found a glowing drain.
  3645 | Sewer    | Entered a sewer
  3730 | Sewer    | Noticed a water moccasin
  3736 | Sewer    | Killed a water moccasin
  3737 | Sewer    | Reached XP level 6. HP: 28/44 MP: 5/14
  4166 | D:3      | Reached skill level 5 in Dodging
  4741 | D:2      | Killed Sigmund
  4742 | D:2      | Reached XP level 7. HP: 12/50 MP: 12/15
  5176 | D:4      | Learned a level 3 spell: Swiftness
  5521 | D:4      | Found a stormy altar of Qazlal.
  5838 | D:4      | Reached skill level 5 in Stealth
  6133 | D:5      | Entered Level 5 of the Dungeon
  6397 | D:5      | Reached XP level 8. HP: 53/57 MP: 16/16
  6711 | D:5      | Noticed Eustachio
  6729 | D:5      | Killed Eustachio
  6801 | D:5      | Identified the ring of Buorawniagg {rF+ Str+6 Int+2 Slay+3}
  7237 | D:5      | Noticed Blork the orc
  7241 | D:5      | Killed Blork the orc
  7411 | D:5      | Found a blossoming altar of Fedhas.
  7511 | D:6      | Noticed Menkaure
  7514 | D:6      | Killed Menkaure
  7608 | D:6      | Reached XP level 9. HP: 50/65 MP: 18/18
  7889 | D:6      | You fall into a shaft and drop 2 floors!
  8038 | D:6      | Noticed Grinder
  8045 | D:6      | Killed Grinder
  8108 | D:6      | You fall into a shaft and drop 1 floor!
  8129 | D:7      | Reached skill level 8 in Necromancy
  8236 | D:7      | Found a staircase to the Ecumenical Temple.
  8271 | Temple   | Entered the Ecumenical Temple
  8724 | D:6      | Noticed Maggie
  8724 | D:6      | Identified the +4 falchion of Elubori {holy, rC+ rN+ Str-4}
  8741 | D:6      | Killed Maggie
  8742 | D:6      | Reached skill level 5 in Invocations
  8757 | D:6      | Identified the +6 trident of Zome {vorpal, Int+2 Dex+7}
  8958 | D:6      | Reached XP level 10. HP: 73/73 MP: 20/20
  9385 | D:7      | Noticed a cyclops
  9397 | D:7      | Killed a cyclops
  9398 | D:7      | Reached skill level 5 in Fighting
  9398 | D:7      | Reached skill level 5 in Short Blades
  9398 | D:7      | Reached skill level 5 in Long Blades
  9398 | D:7      | Reached skill level 5 in Axes
  9398 | D:7      | Reached skill level 5 in Maces & Flails
  9398 | D:7      | Reached skill level 5 in Polearms
  9398 | D:7      | Reached skill level 5 in Staves
  9398 | D:7      | Reached skill level 5 in Slings
  9398 | D:7      | Reached skill level 5 in Bows
  9398 | D:7      | Reached skill level 5 in Crossbows
  9398 | D:7      | Reached skill level 5 in Throwing
  9398 | D:7      | Reached skill level 5 in Armour
  9398 | D:7      | Reached skill level 5 in Shields
  9398 | D:7      | Reached skill level 5 in Unarmed Combat
  9398 | D:7      | Reached skill level 5 in Evocations
 10277 | D:8      | Noticed Gastronok
 10637 | D:8      | Learned a level 3 spell: Mephitic Cloud
 10822 | D:8      | Found a shimmering blue altar of Sif Muna.
 10822 | D:8      | Found a radiant altar of Vehumet.
 11336 | D:9      | Noticed a two-headed ogre
 11396 | D:8      | Slain by a yak

Illustrated notes

Levels and vault maps discovered:
D:1:      shiori_arrival_oz, layout_loops_corners,
          shapermc_ecumenical_altar_mp_highgroup, serial_shops, shop,
          minmay_heptomino_d4
D:2:      cheibrodos_helix_gallery, layout_basic, uniq_jessica, uniq_sigmund
D:3:      layout_basic, tso_altar, mainiacjoe_overflow_cross_hatched,
          gup_sewer_entry_bowl, grunt_decor_cap, kennysheep_generic_room_15,
          uniq_crazy_yiuf_cottage
D:4:      layout_basic, nicolae_qazlal_eye_of_the_storm
D:5:      layout_loops_ring, fedhas_altar_2, minmay_starry_boxes,
          uniq_blork_the_orc, uniq_eustachio
D:6:      layout_basic, minmay_mini_ossuary, uniq_menkaure, uniq_maggie,
          uniq_grinder
D:7:      layout_cave_pools, minmay_temple_entry_tees
D:8:      layout_layer_cave, gammafunk_temple_overflow_elements,
          grunt_ogre_cave, uniq_gastronok
D:9:      minmay_tri_box, layout_stronghold, lemuel_doored_altar,
          nicolae_wu_jian_wuxing_cycle, nicolae_overflow_hidden_temple,
          gammafunk_ghost_hive
Temple:   minmay_temple_curvy_loop

Skill      XL: |  1  2  3  4  5  6  7  8  9 10 |
---------------+-------------------------------+-----
Spellcasting   | 5 6 7 |  7.4
Invocations    | 1 2 3 4 5 |  5.9
Fighting       | 1 2 3 4 5 |  5.3
Short Blades   | 1 2 3 4 5 |  5.3
Long Blades    | 1 2 3 4 5 |  5.3
Axes           | 1 2 3 4 5 |  5.3
Maces & Flails | 1 2 3 4 5 |  5.3
Polearms       | 1 2 3 4 5 |  5.3
Staves         | 1 2 3 4 5 |  5.3
Slings         | 1 2 3 4 5 |  5.3
Bows           | 1 2 3 4 5 |  5.3
Crossbows      | 1 2 3 4 5 |  5.3
Throwing       | 1 2 3 4 5 |  5.3
Armour         | 1 2 3 4 5 |  5.3
Shields        | 1 2 3 4 5 |  5.3
Unarmed Combat | 1 2 3 4 5 |  5.3
Evocations     | 1 2 3 4 5 |  5.3
Conjurations   | 1 2 3 4 |  4.4
Hexes          | 1 2 3 4 |  4.4
Summonings     | 1 2 3 4 |  4.4
Translocations | 1 2 3 4 |  4.4
Transmutations | 1 2 3 4 |  4.4
Fire Magic     | 1 2 3 4 |  4.4
Ice Magic      | 1 2 3 4 |  4.4
Air Magic      | 1 2 3 4 |  4.4
Earth Magic    | 1 2 3 4 |  4.4
Poison Magic   | 1 2 3 4 |  4.4
Dodging        | 5 6 7 |  7.1
Stealth        | 5 6 |  6.9
Necromancy     | 8 |  8.5

Action                   |  1- 3 |  4- 6 |  7- 9 | 10-12 || total
-------------------------+-------+-------+-------+-------++-------
Melee: Staff             |    16 |       |       |       ||    16
       Spear             |    42 |       |   166 |       ||   208
       Bite              |     6 |     5 |    26 |     8 ||    45
       Dagger            |    45 |    85 |   123 |       ||   253
       Punch             |       |     1 |       |       ||     1
       Lance             |       |       |    23 |    75 ||    98
       Trident           |       |       |       |     6 ||     6
 Cast: Pain              |    23 |    27 |    18 |     8 ||    76
       Vampiric Draining |     2 |     7 |    17 |    13 ||    39
       Animate Skeleton  |       |       |     3 |     4 ||     7
  Use: Scroll            |       |     3 |     4 |       ||     7
       Potion            |       |     1 |       |     1 ||     2
 Stab: Sleeping          |    10 |     4 |    12 |     8 ||    34
       Distracted        |       |       |     2 |       ||     2
Armor: Robe              |     5 |       |       |       ||     5
       Ring mail         |    19 |    35 |    69 |     1 ||   124
       Scale mail        |       |       |       |    38 ||    38
Dodge: Dodged            |    52 |    67 |   157 |    27 ||   303
Block: Buckler           |       |       |    26 |    11 ||    37
